 Dungeon Crawl Stone Soup version bcrawl-1.21.3-16-g7f46a08de7 (webtiles) character file.

Game seed: 11994249901519288395

3017 funkygono the Blocker (level 9, 0/74 HPs)
             Began as a Gnoll Fighter on May 2, 2020.
             Was a Follower of Okawaru.
             Succumbed to a water moccasin's poison
             ... on level 7 of the Dungeon.
             The game lasted 00:17:46 (6563 turns).

funkygono the Blocker (Gnoll Fighter)               Turns: 6563, Time: 00:17:47

Health: 0/74       AC: 14    Str: 26    XL:     9   Next: 85%
Magic:  1/24       EV: 10    Int: 11    God:    Okawaru [*.....]
Gold:   318        SH: 12    Dex: 15    Spells: 17/17 levels left

rFire    + . .     SeeInvis .   D - +11 mace of Uskayaw's Supremacy {crush, +Inv}
rCold    x . .     Gourm    .   c - +0 medium shield
rNeg     . . .     Faith    .   E - +0 chain mail
rPois    .         Spirit   +   f - +0 hat
rElec    .         Reflect  .   x - +0 cloak {MR+}
rCorr    .         Harm     .   o - +1 pair of gloves
MR       +....                  (no boots)
Stlth    ..........             p - amulet of guardian spirit
HPRegen  0.22/turn              s - ring of magical power
MPRegen  0.19/turn              A - ring of fire

@: mighty, lethally poisoned (0 -> -8), hasted, very quick
A: distributed training, fangs 1, strong nose
a: Heroism, Renounce Religion, Evoke Invisibility


You were on level 7 of the Dungeon.
You worshipped Okawaru.
Okawaru was aware of your devotion.
You were not hungry.

You visited 2 branches of the dungeon, and saw 8 of its levels.
You also visited: Ossuary.

You collected 318 gold pieces.

Inventory:

Hand Weapons
 a - a +0 long sword
 i - a +1 whip of holy wrath
 q - a +2 quarterstaff of chaos
 r - a +3 dagger
 u - a +2 dagger of venom
 D - the +11 mace of Uskayaw's Supremacy (weapon) {crush, +Inv}
   (You found it on level 6 of the Dungeon)

   It inflicts extra damage upon your enemies.
   It lets you turn invisible.
Missiles
 h - 1430 stones
 k - 308 bolts
 l - 181 sling bullets
 t - 287 arrows
 H - 220 poisoned needles (quivered)
Armour
 b - a +0 scale mail
 c - a +0 medium shield (worn)
 f - a +0 hat (worn)
 o - a +1 pair of gloves (worn)
 x - a +0 cloak of magic resistance (worn)
 E - a +0 chain mail (worn)
Jewellery
 p - an amulet of guardian spirit (around neck)
 s - a ring of magical power (left hand)
 A - a ring of fire (right hand)
Scrolls
 g - 4 scrolls of magic mapping
 w - 2 scrolls of remove curse
 y - a scroll of identify
Potions
 d - 2 potions of might
 j - 2 potions of mutation
 n - a potion of cancellation {unknown}
 v - a potion of heal wounds {unknown}
 z - 3 potions of curing
 B - 3 potions of agility
 C - 2 potions of lignification
 G - a potion of experience {unknown}
Comestibles
 e - 12 rations {!d}
 F - 4 chunks of flesh


   Skills:
 + Level 8.0 Fighting
 + Level 4.5 Short Blades
 + Level 6.5 Long Blades
 + Level 4.5 Axes
 + Level 4.5 Maces & Flails
 + Level 4.5 Polearms
 + Level 4.5 Staves
 + Level 4.5 Slings
 + Level 4.5 Bows
 + Level 4.5 Crossbows
 + Level 4.5 Throwing
 + Level 8.0 Armour
 + Level 4.5 Dodging
 + Level 4.5 Stealth
 + Level 8.0 Shields
 + Level 4.5 Unarmed Combat
 + Level 4.5 Spellcasting
 + Level 3.7 Conjurations
 + Level 3.7 Hexes
 + Level 3.7 Charms
 + Level 3.7 Summonings
 + Level 3.7 Necromancy
 + Level 3.7 Translocations
 + Level 3.7 Transmutations
 + Level 3.7 Fire Magic
 + Level 3.7 Ice Magic
 + Level 3.7 Air Magic
 + Level 3.7 Earth Magic
 + Level 3.7 Poison Magic
 + Level 5.0 Invocations
 + Level 4.5 Evocations


You had 17 spell levels left.
You didn't know any spells.
Your spell library was empty.

Dungeon Overview and Level Annotations

Branches:
Dungeon (7/12)             Temple (1/1) D:7
   Lair: D:7-9

Altars:
Ashenzari
Cheibriados
Dithmenos
Elyvilon
Fedhas
Gozag
Hepliaklqana
Kikubaaqudgha
Lugonu
Makhleb
Nemelex Xobeh
Okawaru
Qazlal
Ru
Sif Muna
Trog
Uskayaw
Vehumet
Wu Jian
Xom
Yredelemnul
Zin
The Shining One

Shops:
D:4 *   D:7 =

Annotations:
D:6 2 transporters, funkygono's ghost, amateur FeMA


Innate Abilities, Weirdness & Mutations

Your experience applies equally to all skills.
You have very sharp teeth.
Your uncanny sense of smell can sniff out nearby items.


Message History

* * * LOW HITPOINT WARNING * * *
You feel sick.
The water moccasin bites you but does no damage.
The bullfrog closely misses you. The orc hits you but does no damage.
The troll bites you.
* * * LOW HITPOINT WARNING * * *
You block the troll's attack. x2
The bullfrog hits you but does no damage.
The water moccasin bites you but does no damage.
You completely miss the bullfrog. You bite the bullfrog.
The bullfrog is lightly wounded.
A worker ant comes into view.
The orc barely misses you. The troll barely misses you. The troll claws you!
* * * LOW HITPOINT WARNING * * *
The troll claws you but does no damage. You block the bullfrog's attack.
You block the water moccasin's attack.
You bludgeon the bullfrog!!
You kill the bullfrog!
Okawaru accepts your kill.
You die...

#.... #... ## #a.. ..∆
+.. # #.) #
########....#.#
###...........#†## .
#............##.@## ..
..#.#.#.#.#.)##SoT##...
.............##.Z......
#.#.......#..##...#####
#............##..#.#
#.#...>...#..##O.##.#
#............##..###.#
..#.......#...#...# #.#
#...........#'#...## #.


You could see an ogre mage, a troll, a water moccasin, a worker ant, an orc and
a jackal zombie.

Vanquished Creatures
  A wolf spider zombie (D:7)
  A troll (D:7)
  A sky beast (D:6)
  A black bear (D:7)
  A phantom (D:4)
  A centaur (D:5)
  3 bullfrogs
  2 elf zombies (Ossuary)
  5 wights (D:6)
  A howler monkey (D:5)
  A crimson imp (D:4)
  3 centaur zombies
  A bullfrog zombie (D:3)
  A quasit (D:6)
  A human zombie (Ossuary)
  6 orc priests
  3 hounds
  3 jellies
  Crazy Yiuf (D:3)
  2 bullfrog skeletons
  2 iguanas (D:5)
  Jessica (D:2)
  10 orc wizards
  A worker ant (D:4)
  A hound skeleton (D:7)
  2 mummies (Ossuary)
  A howler monkey zombie (D:5)
  A worker ant zombie (D:7)
  A howler monkey skeleton (D:5)
  7 adders
  A shadow imp (D:4)
  3 oozes
  An adder skeleton (D:5)
  2 adder zombies (Ossuary)
  3 worms
  5 dart slugs
  7 leopard geckos
  23 orcs
  5 bats
  2 giant cockroaches
  4 goblins
  6 hobgoblins
  4 jackals (D:4)
  4 quokkas
  2 goblin zombies (Ossuary)
  7 hobgoblin zombies (Ossuary)
  8 kobolds
  12 kobold zombies (Ossuary)
  A leopard gecko skeleton (D:5)
  8 orc zombies (Ossuary)
  A quokka skeleton (D:3)
  9 rats
  A fungus (D:3)
185 creatures vanquished.

Vanquished Creatures (others)
  Sigmund (D:2)
1 creature vanquished.

Grand Total: 186 creatures vanquished

Notes
Turn   | Place    | Note
-------+----------+-------------------------------------------
     0 | D:1      | funkygono the Gnoll Fighter began the quest for the Orb.
     0 | D:1      | Reached XP level 1. HP: 23/23 MP: 1/1
   258 | D:1      | Reached XP level 2. HP: 22/29 MP: 2/2
  1081 | D:2      | Reached XP level 3. HP: 30/35 MP: 1/3
  1337 | D:2      | Noticed Sigmund
  1341 | D:2      | Noticed Jessica
  1346 | D:2      | Killed Sigmund
  1346 | D:2      | Reached skill level 1 in Short Blades
  1346 | D:2      | Reached skill level 1 in Axes
  1346 | D:2      | Reached skill level 1 in Maces & Flails
  1346 | D:2      | Reached skill level 1 in Polearms
  1346 | D:2      | Reached skill level 1 in Staves
  1346 | D:2      | Reached skill level 1 in Slings
  1346 | D:2      | Reached skill level 1 in Bows
  1346 | D:2      | Reached skill level 1 in Crossbows
  1346 | D:2      | Reached skill level 1 in Throwing
  1346 | D:2      | Reached skill level 1 in Dodging
  1346 | D:2      | Reached skill level 1 in Stealth
  1346 | D:2      | Reached skill level 1 in Unarmed Combat
  1346 | D:2      | Reached skill level 1 in Spellcasting
  1346 | D:2      | Reached skill level 1 in Conjurations
  1346 | D:2      | Reached skill level 1 in Hexes
  1346 | D:2      | Reached skill level 1 in Charms
  1346 | D:2      | Reached skill level 1 in Summonings
  1346 | D:2      | Reached skill level 1 in Necromancy
  1346 | D:2      | Reached skill level 1 in Translocations
  1346 | D:2      | Reached skill level 1 in Transmutations
  1346 | D:2      | Reached skill level 1 in Fire Magic
  1346 | D:2      | Reached skill level 1 in Ice Magic
  1346 | D:2      | Reached skill level 1 in Air Magic
  1346 | D:2      | Reached skill level 1 in Earth Magic
  1346 | D:2      | Reached skill level 1 in Poison Magic
  1346 | D:2      | Reached skill level 1 in Invocations
  1346 | D:2      | Reached skill level 1 in Evocations
  1346 | D:2      | Reached XP level 4. HP: 28/41 MP: 2/5
  1351 | D:2      | Killed Jessica
  1351 | D:2      | Reached XP level 5. HP: 14/47 MP: 1/7
  1937 | D:2      | Found a shimmering blue altar of Sif Muna.
  1938 | D:2      | Found an opulent altar of Gozag.
  2427 | D:3      | Reached XP level 6. HP: 53/53 MP: 8/8
  2712 | D:3      | Found a runed door.
  2716 | D:3      | Noticed Crazy Yiuf
  2721 | D:3      | Killed Crazy Yiuf
  2833 | D:4      | Noticed a phantom
  2853 | D:4      | Reached skill level 5 in Long Blades
  2913 | D:4      | Killed a phantom
  2913 | D:4      | Reached XP level 7. HP: 51/59 MP: 10/10
  3370 | D:4      | Found Ziabrua's General Store.
  3667 | D:5      | Entered Level 5 of the Dungeon
  3668 | D:5      | Found a sand-covered staircase.
  3695 | Ossuary  | Entered an ossuary
  4194 | D:5      | Reached XP level 8. HP: 50/67 MP: 12/12
  5167 | D:6      | Found a transporter.
  5179 | D:6      | Noticed funkygono's ghost (amateur FeMA)
  5191 | D:6      | Found a transporter.
  5288 | D:6      | Got a pitted mace
  5289 | D:6      | Identified the +11 mace of Uskayaw's Supremacy {crush,
                  | +Inv} (You found it on level 6 of the Dungeon)
  5452 | D:6      | Reached XP level 9. HP: 52/72 MP: 14/14
  5997 | D:7      | Found Zumuluih's Jewellery Shop.
  6005 | D:7      | Found a staircase to the Ecumenical Temple.
  6027 | Temple   | Entered the Ecumenical Temple
  6288 | Temple   | Became a worshipper of Warmaster Okawaru
  6498 | D:7      | Noticed a troll
  6506 | D:7      | Noticed an ogre mage
  6513 | D:7      | Noticed a troll
  6542 | D:7      | Killed a troll
  6542 | D:7      | Reached * piety under Okawaru
  6542 | D:7      | Reached skill level 5 in Invocations
  6562 | D:7      | HP: 1/74 [troll (6)]
  6563 | D:7      | Succumbed to a water moccasin's poison

Skill      XL: |  1  2  3  4  5  6  7  8  9 |
---------------+----------------------------+-----
Short Blades   | 1 2 3 4 |  4.5
Axes           | 1 2 3 4 |  4.5
Maces & Flails | 1 2 3 4 |  4.5
Polearms       | 1 2 3 4 |  4.5
Staves         | 1 2 3 4 |  4.5
Slings         | 1 2 3 4 |  4.5
Bows           | 1 2 3 4 |  4.5
Crossbows      | 1 2 3 4 |  4.5
Throwing       | 1 2 3 4 |  4.5
Dodging        | 1 2 3 4 |  4.5
Stealth        | 1 2 3 4 |  4.5
Unarmed Combat | 1 2 3 4 |  4.5
Spellcasting   | 1 2 3 4 |  4.5
Conjurations   | 1 2 3 |  3.7
Hexes          | 1 2 3 |  3.7
Charms         | 1 2 3 |  3.7
Summonings     | 1 2 3 |  3.7
Necromancy     | 1 2 3 |  3.7
Translocations | 1 2 3 |  3.7
Transmutations | 1 2 3 |  3.7
Fire Magic     | 1 2 3 |  3.7
Ice Magic      | 1 2 3 |  3.7
Air Magic      | 1 2 3 |  3.7
Earth Magic    | 1 2 3 |  3.7
Poison Magic   | 1 2 3 |  3.7
Invocations    | 1 2 3 4 5 |  5.0
Evocations     | 1 2 3 4 |  4.5
Long Blades    | 5 6 |  6.5
Fighting       | 7 8 |  8.0
Armour         | 7 8 |  8.0
Shields        | 7 8 |  8.0

Action                   |  1- 3 |  4- 6 |  7- 9 || total
-------------------------+-------+-------+-------++-------
Melee: Long sword        |    18 |       |       ||    18
       Bite              |    10 |    27 |    91 ||   128
       Whip              |    82 |    29 |   395 ||   506
       Dagger            |       |   134 |    22 ||   156
       Mace              |       |       |   115 ||   115
  Use: Scroll            |     2 |     3 |     7 ||    12
       Potion            |       |       |     5 ||     5
  Eat: Chunk             |     1 |     5 |    10 ||    16
       Ration            |       |       |     1 ||     1
Armor: Scale mail        |    46 |    32 |   119 ||   197
       Chain mail        |       |       |   111 ||   111
Dodge: Dodged            |    34 |    29 |   168 ||   231
Block: Medium shield     |    68 |    64 |   329 ||   461
